 Dungeon Crawl Stone Soup version 0.30.0-10-gfe55d96785 (webtiles) character file.

Game seed: 7405173710186802419

182 sampeng1 the Insei (level 5, 0/39 HPs)
             Began as a Human Transmuter on May 16, 2023.
             Slain by an iron imp (3 damage)
             ... summoned by Eustachio
             ... on level 4 of the Dungeon.
             The game lasted 00:12:33 (2331 turns).

sampeng1 the Insei (Human Transmuter)               Turns: 2331, Time: 00:12:34

Health: 0/39       AC:  4    Str: 18    XL:     5   Next: 93%
Magic:  15/18      EV: 12    Int: 14    God:
Gold:   149        SH:  0    Dex: 13    Spells: 5/9 levels left

rFire   . .          .
                       - Unarmed
rCold   . . .        (no shield)
rNeg    . . .        a - +0 robe
rPois   .            (helmet currently unavailable)
rElec   .            (no cloak)
rCorr   .            (no gloves)
SInv    .            g - melded +0 pair of boots
Will    .....        (no amulet)
Stlth   +            e - ring of magical power
HPRegen 1.06/turn    k - +6 ring of strength
MPRegen 0.16/turn

%: no passive effects
@: appendages, wereblooded
A: horns 2, talons 2, iridescent scales 1, regeneration 1
a: End Transformation


You were on level 4 of the Dungeon.
You had temporarily grown beastly horns and talons.
You visited 1 branch of the dungeon, and saw 4 of its levels.

You collected 149 gold pieces.

Inventory:

Hand Weapons
 o - the +6 shillelagh "Devastator" {shatter}
   (You found it on level 3 of the Dungeon)
Missiles
 c - 37 stones
Armour
 a - a +0 robe (worn)
 g - a +0 pair of boots (melded)
Magical Staves
 h - a staff of poison
Jewellery
 e - a ring of magical power (left hand)
 k - a +6 ring of strength (right hand)
Wands
 n - a wand of quicksilver (8)
Scrolls
 i - a scroll of teleportation {unknown}
 p - a scroll of immolation {unknown}
 q - a scroll of magic mapping
Potions
 b - 2 potions of lignification
 d - 2 potions of invisibility
 f - a potion of attraction
 j - a potion of resistance
 l - a potion of haste
 m - a potion of berserk rage {unknown}


   Skills:
 + Level 2.4 Fighting
 + Level 3.0 Dodging
 + Level 3.7 Unarmed Combat
 + Level 2.8 Spellcasting
 + Level 3.1 Transmutations


You had 5 spell levels left.
You knew the following spells:

 Your Spells              Type           Power      Damage    Failure   Level
a - Beastly Appendage     Tmut           20%        N/A       6%          1
b - Wereblood             Tmut           10%        N/A       9%          2
c - Sting                 Tmut/Pois      24%        1d4       12%         1

Your spell library contained the following spells:

 Spells                   Type           Power      Damage    Failure   Level
 Poisonous Vapours        Pois/Air       4%         N/A       32%         2
 Spider Form              Tmut/Pois      6%         N/A       34%         3
 Gell's Gravitas          Tloc           2%         N/A       54%         3
 Teleport Other           Tloc           2%         N/A       54%         3
 Ice Form                 Ice/Tmut       6%         N/A       75%         4
 Olgreb's Toxic Radiance  Pois           2%         N/A       91%         4
 Passage of Golubria      Tloc           2%         N/A       91%         4
 Silence                  Hex/Air        1%         N/A       99%         5
 Dispersal                Tloc           1%         N/A       100%        6
 Lehudib's Crystal Spear  Conj/Erth      1%         10d2      100%        8


Dungeon Overview and Level Annotations

Branches:
Dungeon (4/15)
 Temple: D:4-7

Altars:

Annotations:
D:4 Eustachio


Innate Abilities, Weirdness & Mutations

You have temporarily grown beastly horns and talons.
You are partially covered in iridescent scales. (AC +2)
Your natural rate of healing is unusually fast.


Message History

Aim: Eustachio, wielding a +0 falchion and wearing a +0 leather armour (56% to hit)
The sting hits Eustachio but does no damage.
Eustachio is poisoned.
The orc shouts!
Eustachio hits you with a +0 falchion.
You hit Eustachio.
Eustachio is lightly wounded.
Eustachio closely misses you.
You hit Eustachio. You claw Eustachio.
Eustachio is moderately wounded.
A goblin comes into view. It is wielding a +0 club.
Eustachio casts a spell.
You miss Eustachio.
Eustachio is moderately wounded.
Eustachio closely misses you.
You barely miss Eustachio.
Eustachio is moderately wounded.
The iron imp hits you. Eustachio hits you with a +0 falchion.
You hit Eustachio. Your kick misses Eustachio.
You headbutt Eustachio, but do no damage.
Eustachio is moderately wounded.
The iron imp hits you. Eustachio completely misses you.
You punch Eustachio!
Eustachio is heavily wounded.
Eustachio hits you with a +0 falchion!
The iron imp hits you but does no damage.
You barely miss Eustachio.
Eustachio is heavily wounded.
Eustachio hits you with a +0 falchion.
* * * LOW HITPOINT WARNING * * *
Casting: Sting (safe; 12% risk of failure)
Confirm with . or Enter, or press ? or * to list all spells.
Your blood is infused with primal strength.
Eustachio looks more healthy.
The iron imp closely misses you. Eustachio hits you with a +0 falchion!
* * * LOW HITPOINT WARNING * * *
You hit Eustachio. Your kick misses Eustachio. Your headbutt misses Eustachio.
Eustachio is severely wounded.
The iron imp hits you.
You die...

# . #. #.#
#.5### #o@@#####
§§oo#.5...#
....o #####.#
§.§. #.# §§§
#.############
.§
##.....##.....#
§
##..............
#..>............
#...............


You could see Eustachio, an iron imp (summoned), 4 orcs and an ufetubus
(summoned).

Vanquished Creatures
  A phantom (D:3)
  An iguana (D:4)
  An adder (D:3)
  2 worms
  2 dart slugs
  4 ball pythons
  12 bats
  4 endoplasms
  A giant cockroach (D:2)
  3 goblins
  5 hobgoblins
  10 jackals
  3 quokkas
  4 frilled lizards
  6 kobolds
  5 rats
64 creatures vanquished.

Notes
Turn   | Place    | Note
-------+----------+-------------------------------------------
     0 | D:1      | sampeng1 the Human Transmuter began the quest for the Orb.
     0 | D:1      | Reached XP level 1. HP: 15/15 MP: 3/3
    61 | D:1      | Reached XP level 2. HP: 21/21 MP: 3/5
   530 | D:1      | Reached XP level 3. HP: 20/26 MP: 6/6
   777 | D:1      | Gained mutation: Your natural rate of healing is unusually
                  | fast. [potion of mutation]
   777 | D:1      | Gained mutation: You are partially covered in iridescent
                  | scales. (AC +2) [potion of mutation]
   870 | D:2      | Found a faded altar of an unknown god.
   890 | D:2      | Learned a level 2 spell: Wereblood
  1398 | D:2      | Reached XP level 4. HP: 33/33 MP: 7/7
  1662 | D:3      | Learned a level 1 spell: Sting
  1828 | D:3      | Found the +6 shillelagh "Devastator" {shatter}
  1845 | D:3      | Noticed a phantom
  1868 | D:3      | Killed a phantom
  1869 | D:3      | Reached XP level 5. HP: 32/38 MP: 9/9
  2320 | D:4      | Noticed Eustachio
  2331 | D:4      | Slain by an iron imp

Illustrated notes

Levels and vault maps discovered:
D:1:      matt_arrival_grand_opening, layout_basic
D:2:      minmay_evil_eye, layout_loops_ring, nicolae_ecumenical_lake_church
D:3:      layout_basic
D:4:      minmay_opposing_rooms, layout_rooms, mainiacjoe_overflow_chevrons,
          nicolae_dithmenos_the_darkroom, tso_altar, uniq_eustachio

Skill      XL: |  1  2  3  4  5 |
---------------+----------------+-----
Fighting       | 2 |  2.4
Transmutations | 3 |  3.1
Dodging        | 3 |  3.0
Unarmed Combat | |  3.7
Spellcasting   | |  2.8

Action                     |  1- 3 |  4- 6 || total
---------------------------+-------+-------++-------
  Melee: Unarmed           |   124 |    95 ||   219
         Headbutt          |    10 |     4 ||    14
         Kick              |    11 |    10 ||    21
         Punch             |     1 |     5 ||     6
   Cast: Beastly Appendage |    14 |     6 ||    20
         Sting             |       |     2 ||     2
         Wereblood         |       |     2 ||     2
    Use: Scroll            |     4 |     5 ||     9
         Potion            |     1 |       ||     1
   Stab: Sleeping          |     2 |     1 ||     3
 Armour: Robe              |    32 |    26 ||    58
  Dodge: Dodged            |    97 |    50 ||   147
